 Dungeon Crawl Stone Soup version 0.16.2-12-gd0ad4c3 (webtiles) character file.

60 gorblad the Firebug (level 4, -2/30 HPs)
             Began as a Human Fire Elementalist on Sept 14, 2015.
             Slain by Robin
             ... wielding a +0 dagger
              (5 damage)
             ... on level 2 of the Dungeon.
             The game lasted 00:07:34 (1732 turns).

gorblad the Firebug (Human Fire Elementalist)       Turns: 1732, Time: 00:07:34

Health: -2/30      AC:  2    Str:  8    XL:     4   Next: 24%
Magic:  1/8        EV: 12    Int: 16    God:
Gold:   57         SH:  0    Dex: 14    Spells: 3 memorised, 2 levels left

rFire  . . .     SeeInvis .     o - +0 short sword
rCold  . . .     Clarity  .     a - +0 robe
rNeg   . . .     SustAb   .     (no shield)
rPois  .         Gourm    .     q - +0 hat
rElec  .         Spirit   .     (no cloak)
rCorr  .         Warding  .     (no gloves)
rMut   .         Stasis   .     (no boots)
MR     .....                    (no amulet)
Stlth  ++........               (no ring)
                                d - +2 ring of slaying

@: not resistant to hostile enchantments, unstealthy
A: no striking features
a: no special abilities


You were on level 2 of the Dungeon.
You were not hungry.

You visited 1 branch of the dungeon, and saw 2 of its levels.

You collected 57 gold pieces.

Inventory:

Hand weapons
 h - a +0 dagger
 o - a +0 short sword (weapon)
Armour
 a - a +0 robe (worn)
 l - a +0 helmet
 q - a +0 hat (worn)
Jewellery
 d - a +2 ring of slaying (left hand)
Scrolls
 e - a scroll of remove curse
 f - a scroll of enchant weapon {unknown}
 g - a scroll of magic mapping {unknown}
 r - a scroll of teleportation {unknown}
Potions
 i - a potion of haste
 k - a potion of restore abilities {unknown}
Books
 b - a book of Flames

   Spells                             Type                      Level
   a - Flame Tongue                   Conjuration/Fire             1
   b - Throw Flame                    Conjuration/Fire             2
   c - Conjure Flame                  Conjuration/Fire             3
   d - Inner Flame                    Hexes/Fire                   3
   e - Sticky Flame                   Conjuration/Fire             4
   f - Fireball                       Conjuration/Fire             5
Comestibles
 c - a bread ration
 j - a chunk of flesh
 m - 3 meat rations


   Skills:
 + Level 0.2 Fighting
 + Level 2.3 Dodging
 + Level 2.2 Stealth
 + Level 2.8 Spellcasting
 + Level 1.5 Conjurations
 + Level 3.5 Fire Magic


You had 2 spell levels left.
You knew the following spells:

 Your Spells              Type           Power        Failure   Level  Hunger
a - Flame Tongue          Conj/Fire      ##...        10%         1    #......
b - Throw Flame           Conj/Fire      ##....       12%         2    ##.....
c - Conjure Flame         Conj/Fire      ##......     21%         3    ###....


Dungeon Overview and Level Annotations

Branches:
Dungeon (2/15)

Altars:
Makhleb

Annotations:
D:2 Robin


Message History

Unknown command.
Drink which item? (? for menu, Esc to quit)
It was a potion of cancellation.
You feel magically purged. The hobgoblin misses you.
Robin hits you with a dagger. The hobgoblin closely misses you.
Casting: Flame Tongue
Confirm with . or Enter, or press ? or * to list all spells.
Aiming: Flame Tongue
Press: ? - help, Shift-Dir - straight line, f - Robin
Aim: Robin, wielding a dagger, wearing an animal skin and wearing a helmet The flame tongue misses Robin.
The hobgoblin hits you with a club!
* * * LOW HITPOINT WARNING * * *
The hobgoblin hits you with a club.
* * * LOW HITPOINT WARNING * * *
Robin closely misses you.
You hit the hobgoblin.
The hobgoblin is almost dead.
The hobgoblin hits you but does no damage.
Robin hits you with a dagger.
You die...

####.###^.((........
#..<........r.......
#..........g.g..).).
#.........ggg......
#......(######.....
#.......# #...#
#.......#########.#
#..............##g##
###.####.......g@g.#
.....###.####..##g.#
..........รท...........
.#.#.###.##.....##.###..
...#.# #.......## .#
##.#.# #.##.#....._#
.....# #......#### #
...### ###...## #..# ..#


You could see Robin and 3 hobgoblins.

Vanquished Creatures
  An adder (D:1)
  A giant gecko (D:1)
  5 bats (D:1)
  A giant cockroach (D:1)
  12 goblins
  6 hobgoblins
  9 kobolds
  2 giant newts
  3 jackals (D:1)
  5 rats
45 creatures vanquished.

Notes
Turn   | Place    | Note
--------------------------------------------------------------
     0 | D:1      | gorblad, the Human Fire Elementalist, began the quest for the Orb.
     0 | D:1      | Reached XP level 1. HP: 13/13 MP: 3/3
   277 | D:1      | Reached XP level 2. HP: 11/19 MP: 0/4
   607 | D:1      | Reached XP level 3. HP: 24/24 MP: 3/6
   912 | D:1      | HP: 1/24 [poisoned by an adder]
  1180 | D:1      | Learned a level 2 spell: Throw Flame
  1184 | D:1      | Learned a level 3 spell: Conjure Flame
  1588 | D:2      | Reached XP level 4. HP: 30/30 MP: 0/8
  1688 | D:2      | Noticed Robin
  1708 | D:2      | Found a burning altar of Makhleb.
  1732 | D:2      | Slain by Robin

Action                   |  1- 3 |  4- 6 || total
-------------------------+-------+-------++-------
Melee: Unarmed           |    13 |       ||    13
       Dagger            |    11 |       ||    11
       Short sword       |    15 |    21 ||    36
 Cast: Flame Tongue      |    44 |     4 ||    48
       Throw Flame       |     7 |     5 ||    12
       Conjure Flame     |       |     1 ||     1
  Use: Scroll            |     2 |       ||     2
       Potion            |     2 |     2 ||     4
  Eat: Chunk             |     3 |     1 ||     4
